 Dungeon Crawl Stone Soup version 0.22-a0-848-ge9e22a0 (webtiles) character file.

59 suicidejoker the Shooter (level 4, -2/31 HPs)
             Began as an Octopode Hunter on July 27, 2018.
             Killed from afar by an orc wizard (9 damage)
             ... with a magic dart
             ... on level 2 of the Dungeon.
             The game lasted 00:02:10 (1760 turns).

suicidejoker the Shooter (Octopode Hunter)          Turns: 1760, Time: 00:02:11

Health: -2/31      AC:  1    Str: 12    XL:     4   Next: 3%
Magic:  4/4        EV: 13    Int: 13    God:
Gold:   104        SH:  0    Dex: 12    Spells: 3/3 levels left

rFire    . . .     SeeInvis .   a - +1 shortbow
rCold    . . .     Gourm    .   (shield currently unavailable)
rNeg     . . .     Faith    .   (helmet restricted)
rPois    .         Spirit   .   (no amulet)
rElec    .         Reflect  .   (no ring)
rCorr    .         Harm     .   (no ring)
MR       .....                  (no ring)
Stlth    +++.......             (no ring)
HPRegen  0.10/turn              (no ring)
MPRegen  0.09/turn              (no ring)
                                (no ring)
                                (no ring)

@: slowed, very slow
A: almost no armour, stealthy swim, amphibious, 8 rings, constrict 8, camouflage
1, gelatinous body 1
a: no special abilities


You were on level 2 of the Dungeon.
You were not hungry.

You visited 1 branch of the dungeon, and saw 2 of its levels.

You collected 104 gold pieces.

Inventory:

Hand Weapons
 a - a +1 shortbow (weapon)
 b - a +0 short sword
Missiles
 c - 34 arrows (quivered)
Jewellery
 j - a +2 ring of protection {unknown}
Wands
 k - a wand of random effects (29)
Scrolls
 e - a scroll of enchant weapon {unknown}
 g - a scroll of random uselessness {unknown}
 l - a scroll of remove curse {unknown}
Potions
 f - 2 potions of curing {unknown}
 h - a potion of brilliance {unknown}
 i - 2 potions of degeneration {unknown}
 m - 2 potions of might {unknown}
Comestibles
 d - 2 rations


   Skills:
 + Level 3.2 Fighting
 + Level 4.8 Bows
 - Level 2.0 Dodging
 - Level 1.3 Stealth


You had 3 spell levels left.
You didn't know any spells.
Your spell library was empty.

Dungeon Overview and Level Annotations

Branches:
Dungeon (2/15)

Altars:
Dithmenos
Kikubaaqudgha
Qazlal
Wu Jian


Innate Abilities, Weirdness & Mutations

You cannot wear most types of armour.
You are very stealthy in the water. (Stealth+)
You are amphibious.
You can wear up to eight rings at the same time.
You can use your tentacles to constrict eight enemies at once.
Your skin changes colour to match your surroundings (Stealth+).
Your rubbery body absorbs attacks. (AC +1, EV +1)


Message History

The orc wizard blinks!
The orc misses you.
Firing (i - inventory)
c - 36 arrows (quivered)
Press: ? - help, Shift-Dir - straight line, f - orc
Aim: an orc, wielding a club and wearing a shiny ring mail (translocational energy)
You shoot an arrow. The arrow closely misses the orc.
The arrow barely misses the goblin.
The orc barely misses you.
The goblin unwields an uncursed hunting sling.
The goblin hits you but does no damage.
Firing (i - inventory)
c - 35 arrows (quivered)
Press: ? - help, Shift-Dir - straight line, f/p - orc
Aim: an orc, wielding a club and wearing a shiny ring mail You shoot an arrow.
The arrow hits the orc wizard.
The orc wizard is almost dead.
The orc wizard hits you with a dagger.
* * * LOW HITPOINT WARNING * * *
The goblin closely misses you. The orc wizard barely misses you.
The orc cheers noisily, in orcish tradition.
The orc wizard casts a spell at you. The magic dart hits you!
You die...

.# ....... ..
....... .###
......(
...#......(
.....)(...
.g....# .
#)((..# ..
#(######.#
#.###.oo@...(#
#.....g####.....
#####.#.#### ...
...........+ .
#####.#)####
#.#.### #.#..†#
###.# #.#


You could see an orc wizard, an orc and a goblin.

Vanquished Creatures
  An adder (D:2)
  A worm (D:2)
  A dart slug (D:1)
  A leopard gecko (D:2)
  3 orcs (D:2)
  5 bats
  2 giant cockroaches (D:1)
  3 goblins (D:1)
  2 hobgoblins
  4 jackals (D:1)
  4 kobolds
  A quokka (D:2)
  11 rats
39 creatures vanquished.

Notes
Turn   | Place    | Note
-------+----------+-------------------------------------------
     0 | D:1      | suicidejoker the Octopode Hunter began the quest for the Orb.
     0 | D:1      | Reached XP level 1. HP: 14/14 MP: 1/1
   106 | D:1      | Reached XP level 2. HP: 20/20 MP: 2/2
   864 | D:1      | Reached XP level 3. HP: 22/25 MP: 3/3
  1291 | D:2      | Found a shadowy altar of Dithmenos.
  1291 | D:2      | Found a stormy altar of Qazlal.
  1292 | D:2      | Found an ancient bone altar of Kikubaaqudgha.
  1326 | D:2      | Found an ornate altar of the Wu Jian Council.
  1749 | D:2      | Reached XP level 4. HP: 28/31 MP: 4/4
  1760 | D:2      | Killed from afar by an orc wizard

Vault maps used:
D:1:      wheals_arrival_linesprint, corexii_corridor_pit,
          kennysheep_small_spiral, corexii_hall_statues_deadend,
          minmay_rat_gold_closets
D:2:      nicolae_overflow_quartered_altars, hangedman_abyss_or_decor_stabs,
          kennysheep_donut

Skill      XL: |  1  2  3 |
---------------+----------+-----
Fighting       | 3 |  3.2
Bows           | |  4.8
Dodging        | |  2.0
Stealth        | |  1.3

Action                   |  1- 3 |  4- 6 || total
-------------------------+-------+-------++-------
 Fire: Shortbow          |    94 |     8 ||   102
  Eat: Chunk             |     2 |       ||     2
Armor: Skin              |     3 |     1 ||     4
Dodge: Dodged            |    26 |     5 ||    31

Table legend:
 A = Spawn XP
 B = Non-spawn XP
 C = Spawn XP percentage of total XP
 D = Spawn monster count
 E = Non-spawn monster count
 F = Spawn count percentage of total count
 G = Total turns spent on level
                    A         B        C        D         E        F      G
               +---------+---------+-------+---------+---------+-------+---------
         Total |       0 |      85 |   0.0 |       0 |      39 |   0.0 |  1760
               +---------+---------+-------+---------+---------+-------+---------
           D:1 |       0 |      39 |   0.0 |       0 |      24 |   0.0 |  1213
           D:2 |       0 |      46 |   0.0 |       0 |      15 |   0.0 |   547
               +---------+---------+-------+---------+---------+-------+---------
